 Dungeon Crawl Stone Soup version 0.21.0 (webtiles) character file.

35 tidbits the Sneak (level 3, 14/14 HPs)
             Began as a Felid Earth Elementalist on Jan 6, 2018.
             Quit the game on level 3 of the Dungeon.
             The game lasted 00:06:24 (840 turns).

tidbits the Sneak (Felid Earth Elementalist)         Turns: 840, Time: 00:06:25

Health: 14/14      AC:  1    Str:  5    XL:     3   Next: 17%
Magic:  7/7        EV: 18    Int: 16    God:
Gold:   99         SH:  0    Dex: 16    Spells: 3/6 levels left
                                        Lives:  0   Deaths: 1

rFire    . . .     SeeInvis +   c - 4 rations
rCold    . . .     Gourm    .   (shield unavailable)
rNeg     . . .     Faith    .   (armour unavailable)
rPois    .         Spirit   .   (helmet unavailable)
rElec    .         Reflect  .   (cloak unavailable)
rCorr    .         Harm     .   (gloves unavailable)
MR       .....                  (boots unavailable)
Stlth    +++.......             (no amulet)
HPRegen  0.04/turn              (no ring)
MPRegen  0.10/turn              (no ring)

@: quick
A: very small, no armour, no weapons or thrown items, stealth, claws 1, fangs 3,
see invisible, carnivore, speed 1, shaggy fur 1, slow metabolism 1, sharp paws
a: no special abilities


You were on level 3 of the Dungeon.
You were not hungry.

You visited 1 branch of the dungeon, and saw 3 of its levels.

You collected 99 gold pieces.

Inventory:

Missiles
 a - 23 arrows
 b - 96 stones
Scrolls
 e - a scroll of enchant weapon {unknown}
 f - a scroll of teleportation {unknown}
 g - a scroll of remove curse {unknown}
Books
 d - a book of Geomancy

   Spells                             Type                      Level
   a - Sandblast                      Earth                        1
   b - Passwall                       Transmutation/Earth          2
   c - Stone Arrow                    Conjuration/Earth            3
   d - Petrify                        Transmutation/Earth          4
   e - Lee's Rapid Deconstruction     Earth                        5
Comestibles
 c - 4 rations (in mouth)


   Skills:
 - Level 2.6 Dodging
 + Level 4.9 Stealth
 + Level 2.6 Unarmed Combat
 - Level 2.0 Spellcasting
 - Level 1.1 Transmutations
 - Level 2.6 Earth Magic


You had 3 spell levels left.
You knew the following spells:

 Your Spells              Type           Power        Failure   Level  Hunger
a - Sandblast             Erth           ##....       7%          1    #......
p - Passwall              Tmut/Erth      #.........   14%         2    ###....


Dungeon Overview and Level Annotations

Branches:
Dungeon (3/15)

Altars:
Kikubaaqudgha

Annotations:
D:3 Natasha


Innate Abilities, Weirdness & Mutations

You cannot wear armour.
You are incapable of wielding weapons or throwing items.
Your paws allow you to move quietly. (Stealth)
You have sharp claws.
You have razor-sharp teeth.
You have supernaturally acute eyesight. (SInv)
You are carnivorous and can eat meat at any time.
You cover ground quickly.
You are covered in fur. (AC +1)
You have a slow metabolism.
Your sharp claws are effective at attacking unaware monsters.


Message History

* * * LOW HITPOINT WARNING * * *
There are monsters nearby!
The rat misses you. The adder bites you.
* * * LOW HITPOINT WARNING * * *
A bat comes into view.
The rat misses you.
Found 8 gold pieces.
The bat closely misses you. The rat bites you but does no damage.
The bat barely misses you. The bat misses you. The bat misses you.
The bat closely misses you. The bat hits you.
* * * LOW HITPOINT WARNING * * *
You aren't carrying any potions.
Unknown command.
The bat completely misses you. The bat misses you. The bat hits you.
* * * LOW HITPOINT WARNING * * *
The adder completely misses you. The bat closely misses you.
The bat misses you. The bat closely misses you. The bat closely misses you.
The bat hits you.
* * * LOW HITPOINT WARNING * * *
The bat misses you.
A worm and a crimson imp come into view.
The bat barely misses you.
The worm moves out of view.
The bat closely misses you.
The kobold shouts!
The bat barely misses you. The bat barely misses you.
The kobold throws a stone.
The stone misses you.
There is a stone staircase leading down here.
You see here a stone.
The bat completely misses you.
The crimson imp blinks!
The adder misses you.
You climb downwards.
There is a stone staircase leading up here.
Natasha, Servant of Life and Death comes into view.
There is a stone staircase leading up here.
Wield which item (- for none, * to show all)? (? for menu, Esc to quit)
c - 4 rations (in mouth)
You start resting.
Magic restored.
Unknown command.
You swing at nothing.
You swing at nothing.
You swing at nothing.
You swing at nothing.
You swing at nothing.
You swing at nothing.
You swing at nothing.
You swing at nothing.
You swing at nothing.
You swing at nothing.
You swing at nothing.
You swing at nothing.
Casting: Sandblast
Confirm with . or Enter, or press ? or * to list all spells.
Aiming: Sandblast
Press: ? - help, Shift-Dir - straight line, f - Natasha
Aim: Natasha (hasn't noticed you)
The blast of sand misses Natasha.
b - 99 stones Natasha hisses angrily.
Natasha closely misses you.
Casting: Sandblast
Confirm with . or Enter, or press ? or * to list all spells.
Aiming: Sandblast
Press: ? - help, Shift-Dir - straight line, f/p - Natasha
Aim: Natasha The blast of sand hits Natasha.
b - 98 stones Natasha casts a spell.
Casting: Sandblast
Confirm with . or Enter, or press ? or * to list all spells.
Aiming: Sandblast
Press: ? - help, Shift-Dir - straight line, f/p - Natasha
Aim: Natasha The blast of sand hits Natasha.
Natasha is heavily wounded.
b - 97 stones Natasha mumbles some strange words.
Casting: Sandblast
Confirm with . or Enter, or press ? or * to list all spells.
Aiming: Sandblast
Press: ? - help, Shift-Dir - straight line, f/p - Natasha
Aim: Natasha (heavily wounded)
The blast of sand hits Natasha.
Natasha is almost dead.
b - 96 stones Natasha stares at you and mumbles some strange words.
The magic dart hits you!
You die...
The crimson imp completely misses you.
You are now level 3!
You rejoin the land of the living...
Found 10 gold pieces.
Found a faded altar of an unknown god.
A frilled lizard comes into view.
Are you sure you want to abandon this character and quit the game? (Confirm with "yes".)

≈≈≈.♣≈≈≈≈≈≈..$#
≈≈≈._≈≈≈≈.....#
≈≈≈..♣≈≈≈...l.
≈≈≈≈≈≈≈≈≈....
≈≈≈≈≈≈≈≈≈≈≈≈#
≈≈≈≈≈≈≈≈≈≈..#
≈≈.≈...≈≈≈.#
..≈...≈@...# ...
###.###.##.#
...#####......#
................#<#
......#.........r##.#
......#.............#
......#.........!####
..>...#..........#
......#..........#


You could see a frilled lizard (sleeping).

Vanquished Creatures
  Natasha (D:3)
  A shadow imp (D:2)
  2 leopard geckos
  2 orcs (D:3)
  A ball python (D:1)
  2 bats
  3 giant cockroaches
  6 hobgoblins
  4 jackals
  A frilled lizard (D:2)
  7 goblins
  7 kobolds
  6 rats
43 creatures vanquished.

Notes
Turn   | Place    | Note
-------+----------+-------------------------------------------
     0 | D:1      | tidbits the Felid Earth Elementalist began the quest for the Orb.
     0 | D:1      | Reached XP level 1. HP: 7/7 MP: 4/4
    88 | D:1      | Reached skill level 3 in Stealth
   119 | D:1      | Reached skill level 1 in Unarmed Combat
   121 | D:1      | Reached XP level 2. HP: 4/11 MP: 1/6
   125 | D:1      | Learned a level 2 spell: Passwall
   395 | D:1      | Reached skill level 4 in Stealth
   447 | D:1      | Reached XP level 3. HP: 10/14 MP: 5/7
   570 | D:3      | Found an ancient bone altar of Kikubaaqudgha.
   593 | D:3      | Noticed Natasha
   598 | D:3      | Reached skill level 2 in Unarmed Combat
   600 | D:3      | Killed Natasha
   648 | D:3      | Reached XP level 4. HP: 6/18 MP: 1/8
   819 | D:3      | Noticed Natasha
   839 | D:3      | Killed from afar by Natasha
   840 | D:3      | Reached XP level 3. HP: -2/14 MP: 4/7
   840 | D:3      | Found a faded altar of an unknown god.
   840 | D:3      | Quit the game

Skill      XL: |  1  2  3 |
---------------+----------+-----
Stealth        | 3 4 |  4.9
Unarmed Combat | 1 2 |  2.6
Dodging        | |  2.6
Spellcasting   | |  2.0
Transmutations | |  1.1
Earth Magic    | |  2.6

Action                   |  1- 3 |  4- 6 || total
-------------------------+-------+-------++-------
Melee: Unarmed           |    11 |     2 ||    13
 Cast: Sandblast         |    44 |    15 ||    59
       Passwall          |     1 |       ||     1
 Stab: Sleeping          |     5 |       ||     5
Armor: Skin              |       |     1 ||     1
Dodge: Dodged            |    21 |    34 ||    55

Table legend:
 A = Turns spent in this place as a percentage of turns spent in the entire game.
 B = Non-inter-level travel turns spent in this place as a percentage of non-inter-level travel turns spent in the entire game.
 C = Inter-level travel turns spent in this place as a percentage of turns spent in this place.
 D = Turns resting spent in this place as a percentage of non-inter-level travel turns spent in this place.
 E = Turns spent auto-exploring this place as a percentage of non-inter-level travel turns spent in this place.
 F = Non-inter-level travel turns spent in this place divided by the number of levels of this place that you've seen.
                   A       B       C       D       E      F
               +-------+-------+-------+-------+-------+----------------------
         Total | 100.0 | 100.0 |   0.0 |   0.7 |   0.0 | 280.0
       Dungeon | 100.0 | 100.0 |   0.0 |   0.7 |   0.0 | 280.0
               +-------+-------+-------+-------+-------+----------------------

Table legend:
 A = Kills in this place as a percentage of kills in entire the game.
 B = Kills by you in this place as a percentage of kills by you in the entire game.
 C = Kills by friends in this place as a percentage of kills by friends in the entire game.
 D = Other kills in this place as a percentage of other kills in the entire game.
 E = Experience gained in this place as a percentage of experience gained in the entire game.
 F = Experience gained in this place divided by the number of levels of this place that you have seen.
                   A       B       C       D       E      F
               +-------+-------+-------+-------+-------+----------------------
         Total | 100.0 | 100.0 |   N/A |   N/A | 100.0 |  38.3
       Dungeon | 100.0 | 100.0 |   N/A |   N/A | 100.0 |  38.3
               +-------+-------+-------+-------+-------+----------------------

Vault maps used:
D:1:      dpeg_arrival_pond, serial_forest, infiniplex_forest_join,
          infiniplex_forest_straight_2, infiniplex_forest_clump_diagonal,
          infiniplex_forest_zigzag_1, infiniplex_forest_join,
          infiniplex_forest_clump_long, infiniplex_forest_clump_long,
          infiniplex_forest_zigzag_2, infiniplex_forest_clump_long
D:2:      first_ration
D:3:      lemuel_doored_altar, chequers_ecumenical_altar_island,
          guppyfry_early_orc_mine, uniq_natasha
